 Dungeon Crawl Stone Soup version 0.23.1 (webtiles) character file.

Game seed: 15931926272408103299

177 Omnicron the Magician (level 5, -8/37 HPs)
             Began as a Gnoll Wizard on Mar 15, 2019.
             Killed by nerve-wracking pain
             ... invoked by an orc priest
              (10 damage)
             ... on level 2 of the Dungeon.
             The game lasted 00:34:38 (4035 turns).

Omnicron the Magician (Gnoll Wizard)                Turns: 4035, Time: 00:34:39

Health: -8/37      AC:  5    Str: 10    XL:     5   Next: 57%
Magic:  5/14       EV: 14    Int: 21    God:
Gold:   72         SH:  0    Dex: 13    Spells: 13/18 levels left

rFire    . . .     SeeInvis .   v - +0 bardiche
rCold    + . .     Gourm    .   (shield currently unavailable)
rNeg     . . .     Faith    .   a - +0 robe
rPois    .         Spirit   .   n - +2 hat
rElec    .         Reflect  .   (no cloak)
rCorr    .         Harm     .   (no gloves)
MR       .....     Rnd*Tele +   e - +0 pair of boots
Stlth    +++.......             (no amulet)
HPRegen  0.12/turn              o - ring of protection from cold
MPRegen  0.14/turn              p - ring of teleportation (curse)

@: no status effects
A: distributed training, fangs 1, strong nose
a: no special abilities


You were on level 2 of the Dungeon.
You were not hungry.

You visited 1 branch of the dungeon, and saw 3 of its levels.

You collected 72 gold pieces.

Inventory:

Hand Weapons
 g - a +0 club
 m - a +0 short sword
 v - a +0 bardiche (weapon)
 y - a +1 long sword of flaming
 A - a +0 spear
 B - a +0 halberd
Missiles
 f - 114 stones (quivered)
 x - 17 sling bullets
Armour
 a - a +0 robe (worn)
 b - a +0 hat
 e - a +0 pair of boots (worn)
 n - a +2 hat (worn)
Jewellery
 o - a ring of protection from cold (left hand)
 p - a cursed ring of teleportation (right hand)
 t - an uncursed ring of protection from cold
Scrolls
 c - 2 scrolls of enchant weapon {unknown}
 h - a scroll of teleportation {unknown}
 i - a scroll of blinking {unknown}
 j - 5 scrolls of remove curse {unknown}
 k - a scroll of noise {unknown}
 q - a scroll of amnesia {unknown}
 u - a scroll of identify {unknown}
Potions
 l - 2 potions of mutation {unknown}
 r - a potion of degeneration {unknown}
 w - a potion of haste {unknown}
 z - a potion of lignification {unknown}
Comestibles
 d - 3 rations


   Skills:
 + Level 1.5 Fighting
 + Level 1.5 Short Blades
 + Level 1.5 Long Blades
 + Level 1.5 Axes
 + Level 1.5 Maces & Flails
 + Level 1.5 Polearms
 + Level 1.5 Staves
 + Level 1.5 Slings
 + Level 1.5 Bows
 + Level 1.5 Crossbows
 + Level 1.5 Throwing
 + Level 1.5 Armour
 + Level 4.8 Dodging
 + Level 4.4 Stealth
 + Level 1.5 Shields
 + Level 1.5 Unarmed Combat
 + Level 7.3 Spellcasting
 + Level 2.4 Conjurations
 + Level 1.2 Hexes
 + Level 1.2 Charms
 + Level 2.4 Summonings
 + Level 1.2 Necromancy
 + Level 2.4 Translocations
 + Level 1.2 Transmutations
 + Level 1.2 Fire Magic
 + Level 1.2 Ice Magic
 + Level 1.2 Air Magic
 + Level 1.2 Earth Magic
 + Level 1.2 Poison Magic
 + Level 1.7 Invocations
 + Level 1.5 Evocations


You had 13 spell levels left.
You knew the following spells:

 Your Spells              Type           Power        Failure   Level  Hunger
a - Magic Dart            Conj           ###.         3%          1    None
b - Call Imp              Summ           ###.....     4%          2    None
c - Blink                 Tloc           N/A          4%          2    None

Your spell library contained the following spells:

 Spells                   Type           Power        Failure   Level  Hunger
 Slow                     Hex            ##......     8%          2    None
 Conjure Flame            Conj/Fire      ###.....     12%         3    None
 Mephitic Cloud           Conj/Pois/Air  ##......     13%         3    None


Dungeon Overview and Level Annotations

Branches:
Dungeon (3/15)

Altars:


Innate Abilities, Weirdness & Mutations

Your experience applies equally to all skills.
You have very sharp teeth.
Your uncanny sense of smell can sniff out nearby items.


Message History

Your crimson imp hits the orc priest but does no damage.
The orc priest calls down the wrath of Beogh upon you.
Beogh smites you!
* * * LOW HITPOINT WARNING * * *
Your crimson imp hits the orc priest but does no damage.
Your crimson imp closely misses the orc priest.
Your crimson imp disappears in a puff of smoke!
Your crimson imp hits the orc priest.
Your shadow imp hits the orc priest but does no damage.
Your crimson imp hits the orc priest but does no damage.
Your crimson imp completely misses the orc priest.
The orc priest hits you with a +0 dagger of protection.
* * * LOW HITPOINT WARNING * * *
Your crimson imp blinks!
The orc priest hits you with a +0 dagger of protection.
* * * LOW HITPOINT WARNING * * *
Your crimson imp barely misses the orc priest.
The orc priest invokes the aid of Beogh against you.
Pain shoots through your body!
You die...

########## ########
#........# #......#
#.....5..#######......#
#....o5.5..............
#.....@..#######......#
#######>...............
#.############### #.#
#############
#.###...........)
#.........####...
#####.###.# #.## #.#
#.####.# #.# #....#.#


You could see an orc priest, 2 friendly crimson imps and a friendly shadow imp.

Vanquished Creatures
  5 gnolls
  4 adders
  An ooze (D:1)
  2 dart slugs (D:1)
  3 leopard geckos (D:2)
  2 orcs
  4 giant cockroaches
  4 goblins
  7 hobgoblins
  4 jackals
  A quokka (D:2)
  A ball python (D:1)
  7 bats
  6 frilled lizards
  10 kobolds
  7 rats
68 creatures vanquished.

Vanquished Creatures (collateral kills)
  3 worms (D:2)
  2 orcs (D:3)
  2 bats
  2 hobgoblins (D:1)
  3 kobolds
  2 goblins (D:1)
  A rat (D:2)
15 creatures vanquished.

Grand Total: 83 creatures vanquished

Notes
Turn   | Place    | Note
-------+----------+-------------------------------------------
     0 | D:1      | Omnicron the Gnoll Wizard began the quest for the Orb.
     0 | D:1      | Reached XP level 1. HP: 13/13 MP: 8/8
   122 | D:1      | Reached XP level 2. HP: 17/19 MP: 0/10
   254 | D:1      | Learned a level 2 spell: Call Imp
   541 | D:1      | Reached XP level 3. HP: 24/25 MP: 2/11
  1156 | D:2      | Reached skill level 1 in Invocations
  1512 | D:2      | Reached skill level 1 in Fighting
  1512 | D:2      | Reached skill level 1 in Short Blades
  1512 | D:2      | Reached skill level 1 in Long Blades
  1512 | D:2      | Reached skill level 1 in Axes
  1512 | D:2      | Reached skill level 1 in Maces & Flails
  1512 | D:2      | Reached skill level 1 in Polearms
  1512 | D:2      | Reached skill level 1 in Staves
  1512 | D:2      | Reached skill level 1 in Slings
  1512 | D:2      | Reached skill level 1 in Bows
  1512 | D:2      | Reached skill level 1 in Crossbows
  1512 | D:2      | Reached skill level 1 in Throwing
  1512 | D:2      | Reached skill level 1 in Armour
  1512 | D:2      | Reached skill level 1 in Shields
  1512 | D:2      | Reached skill level 1 in Unarmed Combat
  1512 | D:2      | Reached skill level 1 in Evocations
  1636 | D:2      | HP: 1/26 [poisoned by an adder]
  1907 | D:1      | Reached XP level 4. HP: 32/32 MP: 4/13
  2059 | D:2      | Reached skill level 1 in Hexes
  2059 | D:2      | Reached skill level 1 in Charms
  2059 | D:2      | Reached skill level 1 in Necromancy
  2059 | D:2      | Reached skill level 1 in Transmutations
  2059 | D:2      | Reached skill level 1 in Fire Magic
  2059 | D:2      | Reached skill level 1 in Ice Magic
  2059 | D:2      | Reached skill level 1 in Air Magic
  2059 | D:2      | Reached skill level 1 in Earth Magic
  2059 | D:2      | Reached skill level 1 in Poison Magic
  2608 | D:1      | Learned a level 2 spell: Blink
  2736 | D:1      | Reached XP level 5. HP: 33/37 MP: 8/14
  4035 | D:2      | Killed from afar by an orc priest

Skill      XL: |  1  2  3  4 |
---------------+-------------+-----
Conjurations   | 2 |  2.4
Summonings     | 2 |  2.4
Translocations | 2 |  2.4
Invocations    | 1 |  1.7
Fighting       | 1 |  1.5
Short Blades   | 1 |  1.5
Long Blades    | 1 |  1.5
Axes           | 1 |  1.5
Maces & Flails | 1 |  1.5
Polearms       | 1 |  1.5
Staves         | 1 |  1.5
Slings         | 1 |  1.5
Bows           | 1 |  1.5
Crossbows      | 1 |  1.5
Throwing       | 1 |  1.5
Armour         | 1 |  1.5
Shields        | 1 |  1.5
Unarmed Combat | 1 |  1.5
Evocations     | 1 |  1.5
Hexes          | 1 |  1.2
Charms         | 1 |  1.2
Necromancy     | 1 |  1.2
Transmutations | 1 |  1.2
Fire Magic     | 1 |  1.2
Ice Magic      | 1 |  1.2
Air Magic      | 1 |  1.2
Earth Magic    | 1 |  1.2
Poison Magic   | 1 |  1.2
Dodging        | |  4.8
Stealth        | |  4.4
Spellcasting   | |  7.3

Action                   |  1- 3 |  4- 6 || total
-------------------------+-------+-------++-------
Melee: Unarmed           |     1 |       ||     1
       Club              |     5 |       ||     5
       Short sword       |     2 |     2 ||     4
       Bardiche          |       |     2 ||     2
 Cast: Magic Dart        |    93 |    93 ||   186
       Call Imp          |    13 |    19 ||    32
       Blink             |       |    11 ||    11
  Use: Potion            |     2 |       ||     2
  Eat: Chunk             |     2 |     7 ||     9
Armor: Robe              |     9 |    14 ||    23
Dodge: Dodged            |    35 |    49 ||    84
